Map: Blackpink LE

Players

RagnaroK (SHIN)

  • Race: Zerg Zerg
  • Spawn Location: 7:00

Patience - Winner!

  • Race: Protoss Protoss
  • Spawn Location: 1:00

Event: IEM Season 12 - Katowice

VOD

Have the link to the VOD?

Description

Time

  • Played on: Feb. 27, 2018, 9:47 a.m.
  • Length: 11:12

All games in this series

Show
View Real Time Build Order
Export as new Build Order

RagnaroK Zerg 

Build Orders: Hatch First, Roach Hydra 

Get SALT Encoding   

  12  0:00  Drone  
  13  0:08  Drone  
  14  0:17  Overlord  
  14  0:23  Drone, Extractor  
  15  0:36  Drone x2  
  17  0:51  Hatchery  
  17  0:54  Drone  
  17  0:58  Drone  
  18  1:08  Extractor  
  17  1:12  Spawning Pool  
  17  1:15  Drone  
  17  1:18  Drone  
  18  1:27  Drone  
  19  1:38  Overlord  
  19  1:59  Queen, Zergling x4  
  23  2:02  Queen  
  23  2:03  Drone  
  23  2:07  Metabolic Boost  
  26  2:10  Drone  
  26  2:14  Drone  
  28  2:23  Drone  
  28  2:26  Drone  
  30  2:36  Zergling x2  
  31  2:37  Hatchery  
  31  2:43  Drone  
  31  2:45  Overlord  
  31  2:47  Drone  
  32  2:53  Drone  
  32  2:55  Queen  
  35  3:00  Overlord  
  35  3:08  Zergling x2  
  36  3:13  Drone x2  
  36  3:14  Drone x3  
  36  3:15  Drone  
  42  3:20  Overlord  
  42  3:24  Drone x2  
  44  3:29  Overlord  
  44  3:34  Queen  
  44  3:38  Drone  
  44  3:40  Drone  
  44  3:41  Drone  
  49  3:43  Zergling x2  
  49  3:46  Drone  
  51  3:49  Queen  
  51  3:51  Drone  
  54  3:56  Spore Crawler  
  54  3:58  Spore Crawler, Drone  
  54  4:00  Drone  
  54  4:05  Roach Warren  
  53  4:10  Drone x3  
  53  4:16  Overlord  
  56  4:20  Extractor  
  56  4:21  Drone x4, Extractor  
  57  4:25  Overlord  
  57  4:30  Queen  
  59  4:36  Zergling x8  
  59  4:37  Zergling x2  
  64  4:46  Roach x2  
  64  4:47  Roach x2  
  74  4:53  Roach x2  
  74  4:59  Roach  
  78  5:01  Roach  
  78  5:02  Roach  
  78  5:05  Overlord  
  78  5:06  Overlord  
  82  5:09  Overlord  
  82  5:12  Overlord  
  82  5:23  Queen  
  82  5:24  Ravager  
  82  5:25  Ravager x3  
  82  5:26  Zergling x6  
  91  5:30  Ravager  
  91  5:31  Zergling x2  
  91  5:32  Zergling x6  
  96  5:40  Ravager  
  96  5:41  Zergling x2  
  96  5:42  Zergling x8  
  100  5:46  Ravager  
  100  5:49  Zergling x8  
  104  5:54  Ravager  
  105  6:02  Zergling x2  
  105  6:03  Zergling x14  
  108  6:07  Ravager  
  108  6:10  Zergling x2  
  108  6:11  Zergling x4  
  107  6:17  Zergling x2  
  102  6:21  Zergling x2  
  102  6:22  Zergling x2  
  102  6:27  Zergling x2  
  102  6:31  Zergling x2  
  102  6:32  Zergling x2  
  102  6:36  Zergling x2  
  97  6:44  Lair  
  97  6:45  Queen  
  97  6:46  Zergling x4  
  98  6:50  Zergling x2  
  98  6:53  Drone x2  
  97  6:56  Drone  
  97  7:00  Evolution Chamber  
  91  7:04  Drone  
  91  7:05  Drone  
  85  7:10  Drone  
  85  7:14  Drone x3  
  85  7:15  Drone  
  86  7:18  Drone x3  
  86  7:19  Drone  
  74  7:27  Roach x3  
  77  7:30  Zerg Missile Weapons Level 1  
  77  7:32  Roach  
  79  7:38  Roach x2  
  79  7:41  Overseer  
  79  7:43  Glial Reconstitution  
  83  7:45  Zergling x2  
  83  7:46  Zergling x12  
  90  7:52  Hatchery  
  90  7:57  Drone x2, Hydralisk Den  
  90  8:01  Extractor  
  89  8:07  Drone x2  
  89  8:09  Drone  
  92  8:14  Roach x6  
  104  8:20  Overlord  
  104  8:23  Roach  
  106  8:27  Grooved Spines  
  106  8:30  Queen  
  106  8:31  Hydralisk  
  105  8:34  Overlord  
  105  8:38  Hydralisk  
  104  8:41  Hydralisk  
  104  8:42  Hydralisk  
  108  8:53  Hydralisk x2  
  111  8:59  Hydralisk x2  
  111  9:02  Zergling x2  
  116  9:08  Hydralisk  
  116  9:09  Zergling x6  
  121  9:20  Zergling x2  
  121  9:21  Zergling x12  
  128  9:29  Hatchery  
  127  9:34  Overlord x2  
  127  9:38  Muscular Augments  
  127  9:43  Lurker Den  
  126  9:50  Roach x2  
  129  9:54  Roach x3, Hydralisk  
  129  9:55  Roach  
  129  9:59  Extractor  
  139  10:00  Drone x3  
  139  10:03  Roach, Zergling x2  
  139  10:05  Ravager x2  
  139  10:07  Zergling x2  
  145  10:08  Overlord  
  145  10:11  Overlord  
  136  10:16  Zergling x8  
  139  10:21  Hydralisk  
  139  10:22  Zergling x4  
  143  10:31  Roach, Zergling x2  
  143  10:32  Zergling x12  
  139  10:36  Roach  
  139  10:37  Roach x2  
  139  10:40  Roach  
  130  10:43  Roach  
  130  10:45  Roach  
Show
View Real Time Build Order
Export as new Build Order

Patience Protoss - Winner!

Build Orders: 1 Gate Expand, Phoenix Opening, Archon Immortal, Zealot Archon 

Get SALT Encoding   

  12  0:00  Probe  
  13  0:13  Probe  
  14  0:18  Pylon  
  14  0:25  Probe (Chrono Boost)  
  15  0:37  Probe (Chrono Boost)  
  16  0:43  Gateway  
  16  0:44  Probe (Chrono Boost)  
  16  0:48  Assimilator  
  17  0:52  Probe  
  18  1:04  Probe  
  19  1:16  Probe  
  20  1:26  Nexus  
  20  1:33  Cybernetics Core  
  20  1:36  Probe  
  21  1:41  Assimilator  
  21  1:48  Probe  
  21  1:53  Pylon  
  22  2:00  Probe  
  23  2:10  Adept (Chrono Boost)  
  23  2:13  Probe  
  23  2:15  Stargate  
  26  2:24  Warp Gate  
  26  2:25  Probe  
  27  2:31  Adept  
  29  2:37  Probe (Chrono Boost)  
  29  2:44  Probe (Chrono Boost)  
  31  2:47  Probe (Chrono Boost)  
  33  2:52  Probe (Chrono Boost)  
  33  2:55  Probe (Chrono Boost)  
  33  2:58  Phoenix (Chrono Boost)  
  36  3:02  Probe (Chrono Boost)  
  38  3:07  Probe x2 (Chrono Boost)  
  39  3:13  Twilight Council  
  39  3:15  Probe  
  39  3:16  Probe  
  41  3:24  Gateway  
  41  3:27  Probe  
  41  3:33  Probe  
  46  3:37  Gateway  
  46  3:40  Probe  
  44  3:44  Resonating Glaives (Chrono Boost)  
  44  3:45  Pylon  
  44  3:48  Adept  
  46  3:59  Pylon  
  46  4:00  Assimilator  
  46  4:03  Probe x2  
  46  4:04  Assimilator  
  46  4:09  Pylon  
  48  4:15  Probe x2  
  50  4:27  Probe x2  
  50  4:28  Robotics Facility  
  52  4:32  Forge  
  52  4:34  Adept x2  
  52  4:38  Adept  
  58  4:39  Probe  
  59  5:02  Nexus  
  59  5:04  Pylon  
  59  5:17  Gateway  
  59  5:18  Sentry  
  59  5:19  Sentry, Gateway  
  59  5:20  Gateway  
  63  5:21  Sentry  
  63  5:22  Gateway  
  63  5:24  Warp Prism (Chrono Boost), Gateway  
  67  5:33  Protoss Ground Weapons Level 1  
  67  5:35  Dark Shrine  
  67  5:46  Pylon  
  67  5:50  Adept x3  
  67  5:51  Shield Battery  
  67  5:54  Shield Battery  
  69  6:07  Immortal (Chrono Boost)  
  69  6:08  Pylon  
  69  6:13  Stalker x2  
  73  6:19  Pylon  
  71  6:28  Zealot x3  
  71  6:29  Zealot  
  75  6:36  Zealot x2  
  59  6:47  Dark Templar  
  59  6:48  Dark Templar  
  59  6:49  Dark Templar  
  59  6:53  Dark Templar  
  67  7:00  Zealot x2  
  70  7:08  Cybernetics Core  
  69  7:21  Dark Templar  
  71  7:23  Dark Templar  
  71  7:24  Dark Templar x2  
  71  7:27  Immortal (Chrono Boost)  
  77  7:42  Protoss Ground Weapons Level 2 (Chrono Boost)  
  77  7:51  Pylon  
  77  7:55  Archon x2  
  77  8:00  Archon x2  
  77  8:06  Gateway  
  77  8:07  Observer (Chrono Boost), Gateway  
  78  8:16  Pylon  
  78  8:17  Pylon  
  78  8:19  Immortal (Chrono Boost)  
  78  8:21  Charge (Chrono Boost)  
  82  8:39  Nexus  
  82  8:42  Pylon  
  80  8:48  Dark Templar x2  
  80  8:49  Dark Templar x2  
  88  8:57  Archon  
  88  8:58  Archon  
  88  9:06  Pylon, Immortal  
  91  9:25  Zealot  
  91  9:26  Zealot x5  
  91  9:29  Sentry  
  105  9:50  Dark Templar x2  
  105  9:51  Dark Templar x2  
  113  9:56  Zealot x2, Archon  
  113  9:58  Archon  
  113  9:59  Zealot  
  119  10:01  Observer (Chrono Boost)  
  116  10:22  Zealot  
  116  10:23  Zealot x5  
  116  10:26  Zealot, Warp Prism (Chrono Boost)  
  106  10:45  Zealot x3  
  106  10:46  Zealot x2  
  116  10:51  Sentry x2  
  120  11:08  Zealot  
  120  11:09  Zealot x3  

Tags
 
Add a new tag
Caveats
  • Supply blocks, unpowered buildings, or Contaminate may cause inaccurate times.
  • Supply counts are checked every 10 seconds.